 Dungeon Crawl Stone Soup version 0.21.1-1-g345015f (webtiles) character file.

20993 shakethe the Grappler (level 12, -19/113 HPs)
             Began as a Troll Transmuter on Feb 9, 2018.
             Was the Champion of Okawaru.
             Demolished by an enormous slime creature (81 damage)
             ... on level 13 of the Dungeon.
             The game lasted 00:53:39 (10751 turns).

shakethe the Grappler (Troll Transmuter)           Turns: 10751, Time: 00:53:40

Health: -19/113    AC: 11    Str: 21    XL:     12   Next: 50%
Magic:  14/14      EV: 13    Int:  9    God:    Okawaru [******]
Gold:   420        SH: 12    Dex: 14    Spells: 7/15 levels left

rFire    + . .     SeeInvis +     - Unarmed
rCold    + . .     Gourm    +   A - +1 shield {reflect}
rNeg     + . .     Faith    .   S - +0 troll leather armour {regen}
rPois    .         Spirit   .   P - +1 hat of the Flute {rN+ SInv}
rElec    .         Reflect  +   q - scarf {rC+ rF+}
rCorr    .         Harm     .   (gloves unavailable)
MR       .....     Clarity  +   (boots unavailable)
Stlth    +.........             (no amulet)
HPRegen  1.08/turn              D - +2 ring of protection
MPRegen  0.14/turn              Q - +1 ring of protection

@: appendage (expiring)
A: large, unfitting armour, claws 3, horns 2, clarity, fast metabolism 3,
gourmand, regeneration 1, shaggy fur 1, tough skin 2, wild magic 1, MP-powered
wands
a: End Transformation, Heroism, Finesse, Renounce Religion


You were on level 13 of the Dungeon.
You worshipped Okawaru.
Okawaru was exalted by your worship.
You were completely stuffed.
You had grown temporary horns.
You visited 2 branches of the dungeon, and saw 14 of its levels.

You collected 810 gold pieces.
You spent 390 gold pieces at shops.

Inventory:

Hand Weapons
 C - the +1 longbow of Light {flame, +Fly SInv, unknown}
   (Okawaru gifted it to you on level 10 of the Dungeon)

   It causes projectiles fired from it to burn those they strike, causing extra
   injury to most foes and up to half again as much damage against particularly
   susceptible opponents.
   It lets you see invisible.
   It lets you fly.
 I - the +7 Singing Sword
   (You found it on level 4 of the Dungeon)
 V - the cursed +1 quarterstaff of False Accusations {flame, Dex+5, unknown}
   (You found it on level 13 of the Dungeon)

   It has been specially enchanted to burn those struck by it, causing extra
   injury to most foes and up to half again as much damage against particularly
   susceptible opponents.
   It affects your dexterity (+5).
   It has a curse placed upon it.
Missiles
 a - 244 arrows
 m - a throwing net {=f, !d}
Armour
 q - a scarf of resistance (worn)
   (You found it on level 2 of the Dungeon)
 A - a +1 shield of reflection (worn)
   (You took it off a tengu warrior on level 9 of the Dungeon)
 B - +0 acid dragon scales
   (You found it on level 5 of the Dungeon)
 P - the +1 hat of the Flute (worn) {rN+ SInv}
   (Okawaru gifted it to you on level 11 of the Dungeon)

   It protects you from negative energy.
   It lets you see invisible.
 S - a +0 troll leather armour (worn) {regen}
   (You found it on level 12 of the Dungeon)
Jewellery
 b - an uncursed ring of resist corrosion {unknown}
   (You found it on level 11 of the Dungeon)
 r - an uncursed amulet of harm
   (You found it on level 2 of the Dungeon)
 D - a +2 ring of protection (left claw)
   (You found it on level 4 of the Dungeon)
 J - an uncursed ring of stealth {Stlth+}
   (You found it on level 6 of the Dungeon)
 Q - a +1 ring of protection (right claw)
   (You took it off a crimson imp on level 12 of the Dungeon)
 T - an uncursed ring of protection from cold {unknown}
   (You found it on level 12 of the Dungeon)
Wands
 h - a wand of digging (15)
   (You found it on level 11 of the Dungeon)
 o - a wand of clouds (6)
   (You found it on level 7 of the Dungeon)
 s - a wand of paralysis (12)
   (You found it on level 3 of the Dungeon)
 t - a wand of flame (27)
   (You found it on level 3 of the Dungeon)
 E - a wand of disintegration (55)
   (You found it on level 5 of the Dungeon)
 F - a wand of iceblast (5)
   (You found it on level 5 of the Dungeon)
 H - a wand of enslavement (16)
   (You found it on level 5 of the Dungeon)
Scrolls
 f - 4 scrolls of teleportation {unknown}
 i - a scroll of noise {unknown}
 j - 5 scrolls of amnesia
 l - 5 scrolls of remove curse
 n - 9 scrolls of identify
 p - a scroll of enchant armour {unknown}
 u - 2 scrolls of magic mapping {unknown}
 v - 3 scrolls of immolation {unknown}
 w - a scroll of random uselessness {unknown}
 x - 3 scrolls of enchant weapon {unknown}
 y - 2 scrolls of fog {unknown}
 K - 2 scrolls of fear {unknown}
Potions
 e - a potion of heal wounds
 g - a potion of agility
 k - 8 potions of curing
 z - 2 potions of ambrosia
 L - 2 potions of might
 R - a potion of flight {unknown}
Books
 c - a book of Changes
 G - a book of Misfortune
   (You found it on level 5 of the Dungeon)
 M - a book of Flames
   (You found it on level 6 of the Dungeon)
 N - a book of Spatial Translocations
   (You found it on level 10 of the Dungeon)
Miscellaneous
 O - a fan of gales
   (You found it on level 10 of the Dungeon)
Comestibles
 d - 20 rations
 U - a chunk of flesh {@w0}


   Skills:
 + Level 5.8 Fighting
 + Level 2.0 Armour
 + Level 6.1 Dodging
 - Level 9.0 Shields
 + Level 12.0 Unarmed Combat
 + Level 2.0 Spellcasting
 + Level 1.6 Translocations
 + Level 6.5 Transmutations
 + Level 2.1 Invocations


You had 7 spell levels left.
You knew the following spells:

 Your Spells              Type           Power        Failure   Level  Hunger
a - Beastly Appendage     Tmut           ###...       4%          1    ##.....
b - Blink                 Tloc           N/A          38%         2    ###....
c - Spider Form           Tmut/Pois      #.........   38%         3    ####...
s - Shroud of Golubria    Chrm/Tloc      #.........   47%         2    ###....


Dungeon Overview and Level Annotations

Branches:
Dungeon (13/15)            Temple (1/1) D:4            Lair (0/6) D:9
    Orc: D:9-12      Vaults: D:13-14

Altars:
Ashenzari
Cheibriados
Dithmenos
Elyvilon
Fedhas
Gozag
Hepliaklqana
Kikubaaqudgha
Makhleb
Nemelex Xobeh
Okawaru
Qazlal
Ru
Trog
Uskayaw
Vehumet
Wu Jian
Xom
Yredelemnul
Zin
The Shining One

Shops:
D:5 *   D:8 !   D:12 :

Annotations:
D:2 exclusion: oklob plant
D:9 2 transporters


Innate Abilities, Weirdness & Mutations

You are too large for most types of armour.
You have claws for hands.
Your metabolism is lightning-fast.
You like to eat raw meat.
Your natural rate of healing is unusually fast.
You are covered in fur. (AC +1)
You have very tough skin. (AC +2)
You have a pair of horns on your head.
You possess an exceptional clarity of mind.
Your spells are a little harder to cast, but a little more powerful.
You expend magic power (3 MP) to strengthen your wands.


Message History

There is an open door here.
You open the door.
There is an open door here.
A centaur warrior zombie comes into view.
You block the centaur warrior zombie's attack.
You mangle the centaur warrior zombie!!
The centaur warrior zombie closely misses you.
You mangle the centaur warrior zombie!! The centaur warrior zombie hits you.
You take 1 damage, and have 112/113 hp.
You mangle the centaur warrior zombie!!
The centaur warrior zombie completely misses you.
Health restored: 113 You scratch the centaur warrior zombie.
You block the centaur warrior zombie's attack.
You scratch the centaur warrior zombie but do no damage.
The centaur warrior zombie hits you but does no damage.
You claw the centaur warrior zombie!
You block the centaur warrior zombie's attack.
You claw the centaur warrior zombie!
You destroy the centaur warrior zombie!
Okawaru accepts your kill.
Your Spellcasting skill increases to level 2!
Your Invocations skill increases to level 2!
d - 20 rations (gained 1)
There are no items here.
MP restored: 14
Okay, then.
Eating one of 12 chunks of flesh {@w0}.
You eat one of the 12 chunks of flesh {@w0}.
This raw flesh tastes great.
V - a brightly glowing quarterstaff Search for what [Enter for "amulet", or ? for help]? god A slime creature comes into view.
A slime creature and an orc come into view.
The slime creature quivers.
The slime creature quivers.
Some of the chunks of flesh in your inventory have rotted away.
Your feet morph into talons.
The slime creature barely misses you.
Two slime creatures merge to form a large slime creature.
You now have 13/14 mp.
You mangle the large slime creature!! You mangle the large slime creature!!
You claw the large slime creature. You mangle the large slime creature!!
You claw the large slime creature.
You barely miss the large slime creature.
Your kick misses the large slime creature.
The large slime creature hits you!
You take 13 damage, and have 100/113 hp.
You scratch the large slime creature.
You claw the large slime creature, but do no damage.
The large slime creature barely misses you.
You mangle the large slime creature!!
Your kick misses the large slime creature.
You block the large slime creature's attack.
You mangle the large slime creature!!
The large slime creature barely misses you.
Some of the chunks of flesh in your inventory have rotted away.
MP restored: 14 You claw the large slime creature!
You kill the large slime creature!
Okawaru accepts your kill.
Your Armour skill increases to level 2!
Your Unarmed Combat skill increases to level 12!
You regained 2 hp, and now have 112/113 hp.
Health restored: 113 The orc shouts! 2 slime creatures come into view.
A slime creature comes into view. x2
Your transformation is almost over.
Some of the chunks of flesh in your inventory have rotted away.
A slime creature suddenly becomes a large slime creature.
Your talons disappear.
You grow a pair of large bovine horns.
You now have 13/14 mp.
You claw the slime creature!
You headbutt the slime creature, but do no damage.
You block the slime creature's attack.
You claw the slime creature! You headbutt the slime creature.
Two slime creatures merge to form a large slime creature.
You scratch the large slime creature. You mangle the large slime creature!!
You headbutt the large slime creature.
The large slime creature barely misses you.
You claw the large slime creature! You headbutt the large slime creature.
You block the large slime creature's attack.
You claw the large slime creature! You headbutt the large slime creature.
Your transformation is almost over.
Two slime creatures merge to form a very large slime creature.
You mangle the very large slime creature!!
Two slime creatures merge to form an enormous slime creature.
MP restored: 14 You scratch the enormous slime creature but do no damage.
You scratch the enormous slime creature.
You block the enormous slime creature's attack.
You mangle the enormous slime creature!!
The enormous slime creature hits you!!!
You take 51 damage, and have 62/113 hp.
MASSIVE DAMAGE!!
You claw the enormous slime creature!
The enormous slime creature hits you!!!!
Ouch! That really hurt!
You die...

###### #....# # #....# .. #....##
############+#.. #.....#
#............... #....##
#............... #....##
#..(.....J....[.
#.....########.........J.....
#...........@Jo..........(...
#.....#.....###......+...##.#
.#..#....+........#......#......#
.#..#.............#..###.#......#
....#.....#.......#..# #.#......#
....#.....#.......#.$# #.#......#
....#.............#.$# #.#......#
....#.............#...
....#.............#


You could see an enormous slime creature and an orc.

Vanquished Creatures
  The ghost of appiemonkey the Markscentaur, a journeyman CeHu of Okawaru (D:11)
  5 two-headed ogres
  A centaur warrior (D:13)
  A queen ant (D:12)
  A tengu warrior (D:9)
  A slime creature (D:13)
  2 ugly things
  A centaur zombie (D:13)
  The ghost of shakethe the Ruffian, a novice TrTm (D:4)
  Joseph (D:8)
  A gargoyle (D:10)
  The ghost of jazmu the Grave Robber, a novice DsNe (D:5)
  2 trolls
  A polar bear (D:10)
  2 hornets
  2 hippogriffs
  Sigmund (D:2)
  A wraith (D:11)
  A wyvern (D:9)
  6 yaks
  A spriggan (D:7)
  Menkaure (D:4)
  4 vampire mosquitoes (D:12)
  12 soldier ants (D:12)
  Edmund (D:5)
  A water moccasin (D:11)
  A black bear (D:9)
  2 orc warriors
  4 sky beasts
  2 phantoms (D:4)
  7 necrophages (D:7)
  6 ice beasts
  3 ogres
  2 wolves (D:10)
  6 centaurs
  A crocodile (D:10)
  2 big kobolds
  7 bullfrogs
  A water moccasin zombie (D:7)
  9 scorpions
  11 killer bees
  8 wights
  An electric eel (D:10)
  2 howler monkeys (D:11)
  9 crimson imps
  3 bullfrog zombies
  10 jellies
  A quasit (D:11)
  A hound (D:11)
  7 orc priests
  4 centaur skeletons
  5 iguanas
  Natasha (thrice) (D:2)
  10 orc wizards
  17 worker ants
  A killer bee zombie (D:7)
  A hound skeleton (D:11)
  2 mummies (D:7)
  3 worker ant zombies
  10 adders
  A hound simulacrum (D:10)
  3 shadow imps
  3 white imps (D:10)
  A worker ant simulacrum (D:10)
  4 ufetubi (D:10)
  An adder zombie (D:7)
  2 adder skeletons (D:7)
  2 worms
  An adder simulacrum (D:10)
  3 leopard geckos
  34 orcs
  11 bats
  A giant cockroach (D:6)
  7 hobgoblins
  18 jackals
  16 kobolds
  5 quokkas
  A ball python (D:1)
  5 frilled lizards
  8 goblins
  A jackal zombie (D:7)
  A leopard gecko zombie (D:7)
  5 rats
  2 fungi (D:4)
351 creatures vanquished.

Vanquished Creatures (others)
  A centaur (D:13)
  9 fungi (D:4)
  20 toadstools
30 creatures vanquished.

Grand Total: 381 creatures vanquished

Notes
Turn   | Place    | Note
-------+----------+-------------------------------------------
     0 | D:1      | shakethe the Troll Transmuter began the quest for the Orb.
     0 | D:1      | Reached XP level 1. HP: 18/18 MP: 1/1
   149 | D:1      | Reached XP level 2. HP: 20/26 MP: 2/2
   589 | D:1      | Reached XP level 3. HP: 22/32 MP: 3/3
   758 | D:2      | Reached skill level 4 in Unarmed Combat
   800 | D:2      | Noticed Sigmund
   832 | D:2      | Found a sparkling altar of Nemelex Xobeh.
   944 | D:2      | Noticed Natasha
   950 | D:2      | Killed Natasha
   950 | D:2      | Reached skill level 2 in Transmutations
   977 | D:2      | Reached XP level 4. HP: 37/40 MP: 4/4
  1092 | D:2      | Noticed Natasha
  1099 | D:2      | Killed Natasha
  1260 | D:2      | Found a glowing golden altar of the Shining One.
  1326 | D:2      | Found a blossoming altar of Fedhas.
  1341 | D:2      | Noticed an oklob plant
  1428 | D:2      | Noticed Natasha
  1435 | D:2      | HP: 10/40 [white imp/puff of frost[Natasha] (11)]
  1436 | D:2      | HP: 3/40 [white imp[Natasha] (4)]
  1438 | D:2      | Killed Natasha
  1599 | D:3      | HP: 10/40 [orc priest/flail (10)]
  1600 | D:3      | Reached skill level 5 in Unarmed Combat
  1600 | D:3      | Reached XP level 5. HP: 12/46 MP: 3/5
  1601 | D:3      | HP: 4/46 [orc/mace (5)]
  1606 | D:3      | HP: 2/46 [orc/dagger (2)]
  1607 | D:3      | Found a faded altar of an unknown god.
  1614 | D:3      | HP: 9/46 [orc/dagger (1)]
  2139 | D:2      | Killed Sigmund
  2139 | D:2      | Reached skill level 6 in Unarmed Combat
  2139 | D:2      | Reached skill level 3 in Transmutations
  2139 | D:2      | Reached XP level 6. HP: 42/54 MP: 4/6
  2162 | D:2      | Learned a level 3 spell: Spider Form
  2216 | D:4      | Noticed Menkaure
  2228 | D:4      | Killed Menkaure
  2280 | D:4      | Found a staircase to the Ecumenical Temple.
  2293 | Temple   | Entered the Ecumenical Temple
  2331 | Temple   | Became a worshipper of Warmaster Okawaru
  2400 | D:4      | Reached skill level 7 in Unarmed Combat
  2400 | D:4      | Reached XP level 7. HP: 50/61 MP: 7/7
  2546 | D:4      | Noticed shakethe's ghost (novice TrTm)
  2604 | D:5      | Entered Level 5 of the Dungeon
  2604 | D:5      | Noticed jazmu's ghost (novice DsNe)
  2779 | D:4      | Reached skill level 1 in Fighting
  3070 | D:5      | Reached skill level 2 in Dodging
  3086 | D:5      | Noticed Edmund
  3088 | D:5      | HP: 11/62 [orc priest/divine providence (9)]
  3098 | D:5      | HP: 5/62 [orc/hand axe (6)]
  3212 | D:5      | Killed Edmund
  3212 | D:5      | Reached * piety under Okawaru
  3212 | D:5      | Reached skill level 4 in Transmutations
  3216 | D:5      | Reached XP level 8. HP: 21/71 MP: 8/8
  3355 | D:5      | Killed jazmu's ghost
  3355 | D:5      | Reached skill level 2 in Fighting
  3355 | D:5      | Reached skill level 8 in Unarmed Combat
  3399 | D:5      | HP: 18/74 [orc wizard/puff of flame (3)]
  3399 | D:5      | HP: 8/74 [wight/enchanted great sword (2)]
  3511 | D:5      | Reached skill level 3 in Dodging
  3665 | D:5      | Found Ajeph's Assorted Antiques.
  3696 | D:5      | Found a shadowy altar of Dithmenos.
  4384 | D:4      | Killed shakethe's ghost
  4384 | D:4      | Reached ** piety under Okawaru
  4384 | D:4      | Reached skill level 3 in Fighting
  4384 | D:4      | Reached skill level 9 in Unarmed Combat
  4384 | D:4      | Reached XP level 9. HP: 34/83 MP: 7/9
  4495 | D:4      | Found the +7 Singing Sword
  4660 | D:6      | Reached *** piety under Okawaru
  4800 | D:6      | Reached skill level 4 in Dodging
  4800 | D:6      | Reached skill level 5 in Transmutations
  5006 | D:6      | Got a shadowed robe
  5019 | D:6      | Identified the +1 robe of Seoquv {*Drain rF+ MP+9 Str+4} (You found it on level 6 of the Dungeon)
  5246 | D:7      | Reached skill level 4 in Fighting
  5246 | D:7      | Reached skill level 10 in Unarmed Combat
  5421 | D:7      | Reached **** piety under Okawaru
  5492 | D:7      | Reached XP level 10. HP: 93/93 MP: 10/10
  5865 | D:8      | Noticed Joseph
  5919 | D:8      | Killed Joseph
  5919 | D:8      | Reached skill level 5 in Dodging
  5983 | D:8      | Noticed a cyan ugly thing
  5988 | D:8      | Killed a cyan ugly thing
  5988 | D:8      | Reached ***** piety under Okawaru
  6026 | D:8      | Found a bloodstained altar of Trog.
  6056 | D:8      | Reached skill level 11 in Unarmed Combat
  6091 | D:8      | Found Ryehong's Distillery.
  6099 | D:8      | Bought 2 potions of heal wounds for 150 gold pieces
  6099 | D:8      | Bought a potion of mutation for 120 gold pieces
  6099 | D:8      | Gained mutation: You are covered in thick fur. (AC +2) [potion of mutation]
  6099 | D:8      | Gained mutation: You are weak. (Str -2) [potion of mutation]
  6099 | D:8      | Gained mutation: You have an increased reservoir of magic. (+10% MP) [potion of mutation]
  6100 | D:8      | Bought a potion of mutation for 120 gold pieces
  6100 | D:8      | Lost mutation: You are weak. (Str -2) [potion of mutation]
  6100 | D:8      | Lost mutation: You have an increased reservoir of magic. (+10% MP) [potion of mutation]
  6100 | D:8      | Lost mutation: You are covered in thick fur. (AC +2) [potion of mutation]
  6100 | D:8      | Gained mutation: You expend magic power (3 MP) to strengthen your wands. [potion of mutation]
  6100 | D:8      | Gained mutation: Your spells are a little harder to cast, but a little more powerful. [potion of mutation]
  6100 | D:8      | Gained mutation: You possess an exceptional clarity of mind. [potion of mutation]
  6143 | D:8      | Found a shimmering altar of Xom.
  6264 | D:8      | Found a burning altar of Makhleb.
  6332 | D:8      | Found a sacrificial altar of Ru.
  6399 | D:7      | HP: 21/94 [vampire mosquito (4)]
  6645 | D:8      | Found a stormy altar of Qazlal.
  6763 | D:9      | Reached skill level 5 in Fighting
  6994 | D:9      | Reached skill level 6 in Transmutations
  7003 | D:9      | Noticed a tengu warrior
  7025 | D:9      | Found a staircase to the Lair.
  7247 | D:9      | Found a transporter.
  7250 | D:9      | Found an ornate altar of the Wu Jian Council.
  7251 | D:9      | Noticed a sphinx
  7252 | D:9      | Found a white marble altar of Elyvilon.
  7254 | D:9      | Noticed a centaur warrior
  7254 | D:9      | Found a basalt altar of Yredelemnul.
  7292 | D:9      | Killed a tengu warrior
  7420 | D:9      | Found a transporter.
  7482 | D:10     | Entered Level 10 of the Dungeon
  7879 | D:10     | Reached skill level 1 in Shields
  7914 | D:10     | Noticed a gargoyle
  7926 | D:10     | Killed a gargoyle
  7926 | D:10     | Reached skill level 2 in Shields
  7926 | D:10     | Reached XP level 11. HP: 99/104 MP: 7/11
  7995 | D:10     | Reached skill level 3 in Shields
  8083 | D:10     | Received a gift from Okawaru
  8086 | D:10     | Got a pitted longbow {god gift}
  8357 | D:10     | Reached skill level 4 in Shields
  8365 | D:10     | Learned a level 2 spell: Blink
  8368 | D:10     | Learned a level 2 spell: Shroud of Golubria
  8880 | D:11     | Noticed a purple ugly thing
  8888 | D:11     | Killed a purple ugly thing
  8888 | D:11     | Reached skill level 5 in Shields
  9064 | D:11     | Noticed a two-headed ogre
  9078 | D:11     | Killed a two-headed ogre
  9247 | D:11     | Reached skill level 6 in Shields
  9309 | D:11     | Noticed a two-headed ogre
  9328 | D:11     | Killed a two-headed ogre
  9361 | D:11     | Noticed a two-headed ogre
  9384 | D:11     | Killed a two-headed ogre
  9384 | D:11     | Received a gift from Okawaru
  9384 | D:11     | Reached skill level 7 in Shields
  9392 | D:11     | Got a scorched hat {god gift}
  9398 | D:11     | Identified the +1 hat of the Flute {rN+ SInv} (Okawaru gifted it to you on level 11 of the Dungeon)
  9417 | D:11     | Noticed appiemonkey's ghost (journeyman CeHu)
  9440 | D:11     | Killed appiemonkey's ghost
  9692 | D:12     | Reached ****** piety under Okawaru
  9703 | D:12     | Reached skill level 8 in Shields
  9951 | D:12     | Reached XP level 12. HP: 80/111 MP: 10/12
  9977 | D:12     | Reached skill level 9 in Shields
 10183 | D:12     | Noticed a two-headed ogre
 10191 | D:12     | Killed a two-headed ogre
 10191 | D:12     | Reached skill level 1 in Armour
 10259 | D:12     | Noticed a two-headed ogre
 10263 | D:12     | Killed a two-headed ogre
 10263 | D:12     | Reached skill level 1 in Translocations
 10263 | D:12     | Reached skill level 1 in Invocations
 10316 | D:12     | Found Zaemino's Book Emporium.
 10369 | D:12     | Noticed a queen ant
 10369 | D:12     | Noticed an entropy weaver
 10380 | D:12     | Killed a queen ant
 10388 | D:12     | Noticed an entropy weaver
 10467 | D:13     | Noticed a centaur warrior
 10477 | D:13     | Killed a centaur warrior
 10477 | D:13     | Reached skill level 6 in Dodging
 10647 | D:13     | Reached skill level 2 in Spellcasting
 10647 | D:13     | Reached skill level 2 in Invocations
 10683 | D:13     | Got a brightly glowing quarterstaff
 10713 | D:13     | Reached skill level 2 in Armour
 10713 | D:13     | Reached skill level 12 in Unarmed Combat
 10751 | D:13     | Demolished by an enormous slime creature

Skill      XL: |  1  2  3  4  5  6  7  8  9 10 11 12 |
---------------+-------------------------------------+-----
Unarmed Combat | 4 5 6 7 9 10 11 12 | 12.0
Transmutations | 2 3 4 5 6 |  6.5
Fighting       | 1 3 4 5 |  5.8
Dodging        | 2 3 4 5 6 |  6.1
Shields        | 2 8 9 |  9.0
Armour         | 2 |  2.0
Translocations | 1 |  1.6
Invocations    | 2 |  2.1
Spellcasting   | 2 |  2.0

Action                   |  1- 3 |  4- 6 |  7- 9 | 10-12 || total
-------------------------+-------+-------+-------+-------++-------
Melee: Unarmed           |   101 |    86 |   259 |   646 ||  1092
       Punch             |       |     5 |     7 |     8 ||    20
       Headbutt          |       |     2 |     2 |    32 ||    36
       Kick              |       |       |    24 |    62 ||    86
 Cast: Beastly Appendage |       |     3 |    22 |    48 ||    73
Invok: Heroism           |       |       |       |     7 ||     7
       Finesse           |       |       |       |     1 ||     1
  Use: Potion            |       |     1 |     9 |     5 ||    15
       Scroll            |       |       |     4 |     3 ||     7
 Stab: Sleeping          |       |     1 |     2 |     4 ||     7
  Eat: Chunk             |    13 |     9 |    31 |    37 ||    90
       Ration            |       |       |     1 |     4 ||     5
Armor: Robe              |    31 |    32 |    85 |    40 ||   188
       Acid dragon scale |       |       |       |    96 ||    96
       Troll leather arm |       |       |       |    16 ||    16
Dodge: Dodged            |    44 |    35 |   141 |   262 ||   482
Block: Shield            |       |       |       |   240 ||   240
       Reflection        |       |       |       |    12 ||    12

Vault maps used:
D:1:      evilmike_arrival_run_for_it
D:2:      tso_oasis_becter, old_standard_altar, tgw_fedhas, uniq_sigmund,
          uniq_natasha
D:3:      chequers_ecumenical_altar_simple_redux
D:4:      old_forge, temple_green, hangedman_abyss_or_decor_slice, uniq_menkaure
D:5:      old_standard_altar, first_ration, serial_shops, nicolae_shop_trees,
          minivault_19, minmay_misc_feat_tiny, uniq_edmund
D:6:      cheibrodos_fertilizer, minmay_a_box_with_orc_wizards_in_it
D:7:      tgw_sif, serial_undead, serial_undead_f, serial_undead_f,
          serial_undead_b, serial_undead_b, serial_undead_d, serial_undead_a,
          serial_undead_f, the_bakery
D:8:      marbit_many_paths, kennysheep_mini_moat,
          lemuel_coloured_pillars_altar, old_standard_altar,
          nicolae_ru_sacrificial_ziggurat, serial_shops, shop, uniq_joseph
D:9:      gammafunk_temple_overflow_arena, lair_entry_dummy
D:10:     serial_ice, serial_ice_k, serial_ice_h, serial_ice_a, serial_ice_c,
          serial_ice_g, serial_ice_e, serial_ice_o, serial_ice_b, serial_ice_n,
          serial_ice_m
D:11:     serial_corexii_hall, corexii_hall_statues_i, corexii_hall_statues_i
D:12:     minmay_orc_entry_temple_small, serial_shops, shop, minivault_29
D:13:     serial_shops, kennysheep_mini, minmay_misc_feat_rows, uniq_azrael
Temple:   compressed_dpeg_triangle_lava_temple

Table legend:
 A = Turns spent in this place as a percentage of turns spent in the entire game.
 B = Non-inter-level travel turns spent in this place as a percentage of non-inter-level travel turns spent in the entire game.
 C = Inter-level travel turns spent in this place as a percentage of turns spent in this place.
 D = Turns resting spent in this place as a percentage of non-inter-level travel turns spent in this place.
 E = Turns spent auto-exploring this place as a percentage of non-inter-level travel turns spent in this place.
 F = Non-inter-level travel turns spent in this place divided by the number of levels of this place that you've seen.
                   A       B       C       D       E      F
               +-------+-------+-------+-------+-------+----------------------
         Total | 100.0 | 100.0 |   2.1 |   8.0 |  46.6 | 751.9
       Dungeon |  99.3 |  99.4 |   2.0 |   8.1 |  46.6 | 805.0
        Temple |   0.7 |   0.6 |  17.6 |   0.0 |  41.0 |  61.0
               +-------+-------+-------+-------+-------+----------------------

Table legend:
 A = Kills in this place as a percentage of kills in entire the game.
 B = Kills by you in this place as a percentage of kills by you in the entire game.
 C = Kills by friends in this place as a percentage of kills by friends in the entire game.
 D = Other kills in this place as a percentage of other kills in the entire game.
 E = Experience gained in this place as a percentage of experience gained in the entire game.
 F = Experience gained in this place divided by the number of levels of this place that you have seen.
                   A       B       C       D       E      F
               +-------+-------+-------+-------+-------+----------------------
         Total | 100.0 | 100.0 |   N/A | 100.0 | 100.0 | 2142.2
       Dungeon | 100.0 | 100.0 |   N/A | 100.0 | 100.0 | 2307.0
               +-------+-------+-------+-------+-------+----------------------
